 Dungeon Crawl Stone Soup version 0.26-a0-660-gc07710193c (webtiles) character file.

Game seed: 5993632464815597940

888 Banto the Fighter (level 8, -4/102 HPs)
             Began as a Human Gladiator on Oct 8, 2020.
             Slain by a killer bee (5 damage)
             ... on level 5 of the Dungeon.
             The game lasted 00:03:58 (5057 turns).

Banto the Fighter (Human Gladiator)                 Turns: 5057, Time: 00:03:59

Health: -4/102     AC: 24    Str: 15    XL:     8   Next: 26%
Magic:  0/8        EV:  2    Int: 17    God:
Gold:   183        SH:  0    Dex: 10    Spells: 7/7 levels left

rFire    . . .     SeeInvis .   E - +4 quarterstaff (chaos)
rCold    . . .     Faith    .   (shield currently unavailable)
rNeg     + + +     Spirit   +   (armour currently unavailable)
rPois    +         Reflect  .   (helmet currently unavailable)
rElec    .         Harm     .   (cloak currently unavailable)
rCorr    .         Rampage  .   (gloves currently unavailable)
MR       .....     NoTele   +   (boots currently unavailable)
Stlth    +.........             o - amulet of guardian spirit
HPRegen  0.27/turn              C - -4 ring of dexterity (curse)
MPRegen  0.11/turn              B - +6 ring of intelligence

@: lethally poisoned (-4 -> -11), tree-form
A: no striking features
a: no special abilities


You were on level 5 of the Dungeon.
You were a tree.
You visited 1 branch of the dungeon, and saw 5 of its levels.

You collected 183 gold pieces.

Inventory:

Hand Weapons
 a - a +0 flail
 E - a +4 quarterstaff of chaos (weapon)
Missiles
 d - 4 throwing nets (quivered)
 p - 18 poisoned darts
Armour
 c - a +0 helmet (melded)
 k - a +0 cloak (melded)
 m - a +0 pair of boots (melded)
 v - a cursed +0 pair of gloves (melded)
 y - a +0 chain mail (melded)
Jewellery
 o - an amulet of guardian spirit (around neck)
 B - a +6 ring of intelligence (right branch)
 C - a cursed -4 ring of dexterity (left branch)
Wands
 D - a wand of acid (5)
 F - a wand of digging (4)
Scrolls
 e - a scroll of remove curse {unknown}
 i - 2 scrolls of magic mapping {unknown}
 j - 3 scrolls of teleportation {unknown}
 q - a scroll of fear {unknown}
 r - a scroll of enchant weapon {unknown}
 u - a scroll of enchant armour {unknown}
 x - a scroll of brand weapon {unknown}
 A - a scroll of torment {unknown}
Potions
 b - a potion of invisibility
 g - a potion of magic
 l - 2 potions of might
 n - a potion of heal wounds
 s - a potion of stabbing {unknown}
 t - 2 potions of haste
 w - a potion of flight
 z - a potion of cancellation {unknown}


   Skills:
 + Level 8.2 Fighting
 - Level 5.0 Maces & Flails
 - Level 2.0 Throwing
 - Level 3.0 Dodging


You had 7 spell levels left.
You didn't know any spells.
Your spell library contained the following spells:

 Spells                   Type           Power        Failure   Level
 Summon Small Mammal      Summ           #...         24%         1
 Call Imp                 Summ           #.......     34%         2
 Call Canine Familiar     Summ           #.......     56%         3
 Summon Guardian Golem    Hex/Summ       #.......     56%         3
 Summon Ice Beast         Ice/Summ       #.......     93%         4
 Summon Lightning Spire   Summ/Air       #.......     93%         4


Dungeon Overview and Level Annotations

Branches:
Dungeon (5/15)
 Temple: D:4-7

Altars:
Elyvilon
Hepliaklqana
Vehumet
Xom


Message History

You swing at nothing.
You feel sick.
The killer bee stings you but does no damage. x3
The killer bee stings you.
* * * LOW HITPOINT WARNING * * *
You are lethally poisoned!
The killer bee poisons you!
The killer bee stings you but does no damage.
You take 2 damage, and have 5/102 hp.
You now have 1/8 mp.
You barely miss the killer bee.
* * * LOW HITPOINT WARNING * * *
You feel sick.
The killer bee stings you but does no damage. x2
The killer bee completely misses you.
The killer bee stings you but does no damage.
You miss the killer bee.
* * * LOW HITPOINT WARNING * * *
You feel sick. The killer bee stings you.
* * * LOW HITPOINT WARNING * * *
The killer bee barely misses you. The killer bee stings you.
You die...

...........#.####..#...#
.........[............##
.#...#...###.####..#..#
#####.[.. #..#..# #.##.
#..#..# # #..#..#
#.#######..#..#
.##.............#
......y♣......<##
..>...y####....#
...............#
#####.........##
#.#####...# ## #...#
#.#<# .###.


You could see 2 killer bees.

Vanquished Creatures
  Sigmund (D:4)
  An ogre (D:4)
  A big kobold (D:5)
  3 killer bees (D:5)
  A howler monkey (D:4)
  A bullfrog zombie (D:5)
  A hound (D:4)
  Crazy Yiuf (D:4)
  2 orc priests (D:2)
  A bullfrog skeleton (D:5)
  An iguana (D:4)
  An orc wizard (D:4)
  A worker ant (D:4)
  A hound skeleton (D:4)
  2 adders
  A white imp (D:2)
  An ufetubus (D:5)
  2 oozes
  A worm (D:3)
  2 dart slugs
  7 leopard geckos
  11 orcs
  2 ball pythons (D:3)
  4 bats
  2 giant cockroaches
  7 goblins
  6 hobgoblins
  4 jackals (D:3)
  5 quokkas
  3 frilled lizards
  8 kobolds
  10 rats
95 creatures vanquished.

Vanquished Creatures (others)
  3 plants (D:5)
3 creatures vanquished.

Grand Total: 98 creatures vanquished

Notes
Turn   | Place    | Note
-------+----------+-------------------------------------------
     0 | D:1      | Banto the Human Gladiator began the quest for the Orb.
     0 | D:1      | Reached XP level 1. HP: 16/16 MP: 1/1
   112 | D:1      | Reached XP level 2. HP: 21/22 MP: 2/2
   538 | D:1      | Reached XP level 3. HP: 27/27 MP: 3/3
   787 | D:2      | Reached XP level 4. HP: 18/33 MP: 4/4
   795 | D:2      | Reached skill level 5 in Maces & Flails
  1125 | D:2      | Reached XP level 5. HP: 21/39 MP: 5/5
  1540 | D:2      | Reached skill level 3 in Fighting
  1588 | D:2      | Found a radiant altar of Vehumet.
  2011 | D:3      | Found a white marble altar of Elyvilon.
  2359 | D:3      | Found a hazy altar of Hepliaklqana.
  2980 | D:4      | You fall into a shaft and drop 1 floor!
  2980 | D:5      | Entered Level 5 of the Dungeon
  2987 | D:5      | Reached skill level 4 in Fighting
  2987 | D:5      | Reached XP level 6. HP: 39/48 MP: 4/6
  3099 | D:5      | Reached skill level 5 in Fighting
  3226 | D:5      | Noticed a sky beast
  3686 | D:4      | Noticed Sigmund
  3714 | D:4      | Killed Sigmund
  3714 | D:4      | Reached skill level 6 in Fighting
  3714 | D:4      | Reached XP level 7. HP: 30/59 MP: 3/7
  3935 | D:4      | Reached skill level 7 in Fighting
  4339 | D:4      | Found a shimmering altar of Xom.
  4676 | D:4      | Found a runed translucent door.
  4677 | D:4      | Noticed Crazy Yiuf
  4769 | D:4      | Killed Crazy Yiuf
  4769 | D:4      | Reached XP level 8. HP: 55/67 MP: 2/8
  5049 | D:5      | Reached skill level 8 in Fighting
  5055 | D:5      | HP: 5/102 [killer bee (1)]
  5057 | D:5      | HP: 1/102 [killer bee (2)]
  5057 | D:5      | Slain by a killer bee

Illustrated notes

Levels and vault maps discovered:
D:1:      sevenhm_arrival_forest_fort_small_3, layout_basic
D:2:      layout_basic, fiery_altar_vehumet
D:3:      layout_loops_corners, old_standard_altar, elyvilon_altar_4,
          chequers_serial_rivers_small_b
D:4:      layout_loops_ring, lemuel_doored_altar, uniq_crazy_yiuf_cottage,
          uniq_sigmund
D:5:      layout_loops_ring, kennysheep_mini, hangedman_decor_opposing,
          lexackson_kobold_supper

Skill      XL: |  1  2  3  4  5  6  7  8 |
---------------+-------------------------+-----
Maces & Flails | 4 5 |  5.0
Fighting       | 4 6 7 8 |  8.2
Throwing       | |  2.0
Dodging        | |  3.0

Action                   |  1- 3 |  4- 6 |  7- 9 || total
-------------------------+-------+-------+-------++-------
Melee: Flail             |    69 |   215 |    39 ||   323
       War axe           |       |       |    14 ||    14
       Quarterstaff      |       |       |    39 ||    39
Throw: Throwing net      |       |     2 |       ||     2
  Use: Scroll            |       |       |     7 ||     7
       Potion            |       |       |     2 ||     2
 Stab: Sleeping          |       |     2 |       ||     2
       Held in net/web   |       |     1 |       ||     1
Armor: Leather armour    |    20 |    64 |       ||    84
       Chain mail        |       |    11 |    64 ||    75
       Skin              |       |       |    17 ||    17
Dodge: Dodged            |    57 |   150 |    40 ||   247

Table legend: (Time is in decaauts)
 A = Elapsed time spent in this place.
 B = Non-inter-level travel time spent in this place.
 C = Inter-level travel time spent in this place.
 D = Time resting spent in this place.
 E = Time spent auto-exploring this place.
 F = Levels seen in this place.
 G = Mean time per level.
                   A        B        C        D        E       F      G
               +--------+--------+--------+--------+--------+-----+--------+
         Total |   5120 |   4975 |    145 |    695 |   3429 |   5 | 1024.0 |
       Dungeon |   5120 |   4975 |    145 |    695 |   3429 |   5 | 1024.0 |
               +--------+--------+--------+--------+--------+-----+--------+

Top non-repeatable levels by time:
     D:4: 1800 daAuts
     D:2: 1201 daAuts
     D:3: 829 daAuts
     D:1: 745 daAuts
     D:5: 543 daAuts

Table legend:
 A = Kills in this place as a percentage of kills in entire the game.
 B = Kills by you in this place as a percentage of kills by you in the entire game.
 C = Kills by friends in this place as a percentage of kills by friends in the entire game.
 D = Other kills in this place as a percentage of other kills in the entire game.
 E = Experience gained in this place as a percentage of experience gained in the entire game.
 F = Experience gained in this place divided by the number of levels of this place that you have seen.
                   A       B       C       D       E      F
               +-------+-------+-------+-------+-------+----------------------
         Total | 100.0 | 100.0 |   N/A |   N/A | 100.0 | 253.8
       Dungeon | 100.0 | 100.0 |   N/A |   N/A | 100.0 | 253.8
               +-------+-------+-------+-------+-------+----------------------
